 Dungeon Crawl Stone Soup version 0.29.1-1-gd02db6906a (webtiles) character file.

Game seed: 13264642531390135734

24950 VikingTomi89 the Severer (level 12, -1/144 HPs)
             Began as a Minotaur Berserker on Oct 7, 2022.
             Was a Priest of Trog.
             Splashed by a goliath frog's acid (4 damage)
             ... on level 5 of the Lair of Beasts.
             The game lasted 01:29:01 (19044 turns).

VikingTomi89 the Severer (Minotaur Berserker)      Turns: 19044, Time: 01:29:01

Health: -1/144     AC: 20    Str: 26    XL:     12   Next: 85%
Magic:  11/11      EV:  9    Int:  4    God:    Trog [***...]
Gold:   957        SH:  5    Dex: 11    Spells: 11/11 levels left

rFire   . . .      SeeInvis .   a - +5 war axe (flame)
rCold   . . .      Faith    .   e - orb {light}
rNeg    . . .      Spirit   .   c - +2 plate armour {rPois}
rPois   +          Reflect  +   (helmet restricted)
rElec   .          Harm     .   d - +1 cloak
rCorr   +          Rampage  .   (no gloves)
Will    +++..                   f - +0 pair of boots
Stlth   ..........              g - amulet of reflection
HPRegen 1.34/turn               h - ring of resist corrosion
MPRegen 0.12/turn               i - ring of willpower

@: berserking, strong-willed, corroded, regenerating, glowing, very quick
A: horns 2, retaliatory headbutt
a: Renounce Religion, Berserk, Trog's Hand


You were on level 5 of the Lair of Beasts.
You worshipped Trog.
Trog was most pleased with you.
You visited 2 branches of the dungeon, and saw 15 of its levels.

You collected 1181 gold pieces.
You spent 224 gold pieces at shops.

Inventory:

Hand Weapons
 a - a +5 war axe of flaming (weapon)
 b - the +7 executioner's axe of Ammoir {vorpal, rN+ Str+4}
   (You acquired it on level 2 of the Dungeon)

   It inflicts extra damage upon your enemies.
   Str:       It affects your strength (+4).
   rN:        It protects you from negative energy.
 r - a +6 vorpal great sword
 s - the +3 giant club "Skullcrusher" {speed, Str+7}
   (You found it on level 9 of the Dungeon)

   Attacks with this weapon are significantly faster.
   Str:       It affects your strength (+7).
Missiles
 p - 150 stones (quivered)
 q - 2 throwing nets
Armour
 c - a +2 plate armour of poison resistance (worn)
 d - a +1 cloak (worn)
 e - an orb of light (worn)
 f - a +0 pair of boots (worn)
Jewellery
 g - an amulet of reflection (around neck)
 h - a ring of resist corrosion (left hand)
 i - a ring of willpower (right hand)
 j - a ring of flight
 k - a ring of protection from cold
 l - a +4 ring of evasion
 m - a +6 ring of intelligence
 n - a +6 ring of strength
 o - an amulet of faith
 Y - a ring of see invisible
Wands
 t - a wand of flame (25)
 u - a wand of acid (28)
 v - a wand of mindburst (28)
 w - a wand of paralysis (6)
Scrolls
 A - 2 scrolls of poison
 B - 2 scrolls of silence
 C - a scroll of brand weapon
 J - 2 scrolls of magic mapping
 K - 6 scrolls of teleportation
 L - 2 scrolls of blinking
 P - a scroll of fear
 S - 2 scrolls of fog
 U - a scroll of summoning
 W - a scroll of immolation
Potions
 D - a potion of magic
 E - 6 potions of heal wounds
 F - 10 potions of curing
 G - 3 potions of haste
 H - 2 potions of might
 I - 2 potions of cancellation {unknown}
 M - 2 potions of brilliance
 N - 2 potions of invisibility
 O - 2 potions of degeneration {unknown}
 Q - a potion of berserk rage {unknown}
 R - a potion of lignification {unknown}
 T - 2 potions of attraction {unknown}
 V - 2 potions of flight
Miscellaneous
 x - a box of beasts
 y - a lightning rod (4/4)
 z - a condenser vane


   Skills:
 * Level 6.3 Fighting
 - Level 18.0 Axes
 - Level 18.0 Armour
 - Level 2.1 Dodging


You had 11 spell levels left.
You didn't know any spells.
Your spell library was empty.

Dungeon Overview and Level Annotations

Branches:
Dungeon (10/15)            Temple (0/1) D:5            Lair (5/5) D:10
 Shoals (0/4) Lair:2        Snake (0/4) Lair:2
  Slime: Lair:4-5       Orc: D:9-12

Altars:
Ashenzari
Cheibriados
Dithmenos
Gozag
Hepliaklqana
Makhleb
Nemelex Xobeh
Qazlal
Ru
Sif Muna
Uskayaw
Vehumet
The Shining One

Shops:
D:3 [   D:8 :   D:10 *


Innate Abilities, Weirdness & Mutations

You have a pair of horns on your head.
You reflexively headbutt those who attack you in melee.


Message History

You are too berserk!
You are too berserk!
You slash the cane toad! You burn the cane toad. You headbutt the cane toad!
The cane toad is almost dead.
You slash the vampire mosquito! You burn the vampire mosquito.
You hack one of the six-headed hydra's heads off!
The flame cauterises the wound!
You hit the five-headed hydra. You burn the five-headed hydra.
You hit the cane toad. You burn the cane toad. You barely miss the blink frog.
You slash the cane toad! You burn the cane toad.
You slash the vampire mosquito! You burn the vampire mosquito.
You destroy the vampire mosquito!
Trog accepts your kill.
The vampire mosquito bites you but does no damage.
The cane toad closely misses you.
The five-headed hydra bites you but does no damage.
The five-headed hydra bites you!
* * * LOW HITPOINT WARNING * * *
The five-headed hydra completely misses you.
The five-headed hydra bites you.
* * * LOW HITPOINT WARNING * * *
The five-headed hydra bites you but does no damage.
The cane toad stings you but does no damage.
You slice the cane toad!! You burn the cane toad.
You kill the cane toad!
Trog accepts your kill.
You slash the cane toad! You burn the cane toad. You slash the cane toad!
You burn the cane toad. You slice the vampire mosquito!!
You burn the vampire mosquito.
You destroy the vampire mosquito!
Trog accepts your kill.
You chop one of the five-headed hydra's heads off!
The flame cauterises the wound!
You hit the four-headed hydra. You burn the four-headed hydra.
You hit the cane toad. You burn the cane toad. You slash the blink frog!
You burn the blink frog. The blink frog hits you!
* * * LOW HITPOINT WARNING * * *
The goliath frog hits you from afar!
* * * LOW HITPOINT WARNING * * *
The acid corrodes you!
You are splashed with acid.
You resist.
You die...

### #########.## # #
###..#.#.###.## P##
#.####P.P......#..P##..P
........................
........................
.........F..............
......FDF...............
......†@...F............
.......FF......~.~.....#
...........~...P.~.~.~..
.......F..#..~......~~P~
..........#.....~P~~~~≈~
..........#.~.~~~~≈~~~~~
.........## S~
.........#


You could see a four-headed hydra, a goliath frog, 3 cane toads and 3 blink
frogs.

Vanquished Creatures
  3 hydras
  A boulder beetle (Lair:4)
  2 death yaks (Lair:3)
  A manticore (Lair:2)
  3 elephants (Lair:3)
  Joseph (D:8)
  A torpor snail (Lair:3)
  A black mamba (Lair:2)
  16 cane toads
  An unseen horror (D:10)
  2 rime drakes
  A kobold demonologist (D:10)
  2 komodo dragons
  A troll (D:10)
  A wind drake (Lair:2)
  3 blink frogs (Lair:4)
  2 hornets
  A polar bear (Lair:3)
  Prince Ribbit (D:7)
  A shadow (D:10)
  14 yaks
  2 wyverns
  4 basilisks
  A steam dragon (D:4)
  5 vampire mosquitoes
  A naga (Lair:2)
  4 orc warriors
  11 water moccasins
  3 sky beasts (D:7)
  An ice beast (D:6)
  7 black bears
  11 wolves
  3 ogres
  7 centaurs
  2 phantoms
  A kobold brigand (D:7)
  3 scorpions
  13 bullfrogs
  A necrophage (D:4)
  2 gnoll sergeants
  6 wights
  An elephant simulacrum (Lair:4)
  5 killer bees (D:9)
  2 jellies
  Crazy Yiuf (D:2)
  6 orc priests
  6 hounds
  5 gnoll boudas
  Terence (D:3)
  8 iguanas
  11 orc wizards
  A polar bear simulacrum (Lair:4)
  Robin (D:3)
  8 adders
  36 gnolls
  2 shadow imps
  A white imp (D:6)
  3 dart slugs
  31 orcs
  9 endoplasms
  3 giant cockroaches
  18 goblins
  10 hobgoblins
  2 jackals (D:4)
  15 kobolds
  4 quokkas
  8 ball pythons
  4 bats
  4 rats
353 creatures vanquished.

Vanquished Creatures (others)
  A hobgoblin (D:4)
  9 fungi
  60 plants
70 creatures vanquished.

Grand Total: 423 creatures vanquished

Notes
Turn   | Place    | Note
-------+----------+-------------------------------------------
     0 | D:1      | VikingTomi89 the Minotaur Berserker began the quest for the
                  | Orb.
     0 | D:1      | Reached XP level 1. HP: 19/19 MP: 0/0
   260 | D:1      | Reached XP level 2. HP: 15/26 MP: 1/1
  1026 | D:1      | Reached ** piety under Trog
  1101 | D:1      | Reached skill level 5 in Axes
  1396 | D:1      | Reached XP level 3. HP: 31/31 MP: 2/2
  1556 | D:2      | Found a radiant altar of Vehumet.
  2045 | D:2      | Reached XP level 4. HP: 27/39 MP: 3/3
  2430 | D:2      | Found a runed translucent door.
  2431 | D:2      | Noticed Crazy Yiuf
  2540 | D:2      | Killed Crazy Yiuf
  2722 | D:2      | Identified a scroll of acquirement
  2723 | D:2      | Acquired the +7 executioner's axe of Ammoir {vorpal, rN+
                  | Str+4}
  2793 | D:3      | Noticed Terence
  2802 | D:3      | Killed Terence
  2803 | D:3      | Reached XP level 5. HP: 26/45 MP: 4/4
  2818 | D:3      | Found Cask's Antique Armour Shoppe.
  3001 | D:3      | Noticed a black bear
  3008 | D:3      | Killed a black bear
  3171 | D:3      | Identified the +2 long sword "Kurph" {vorpal, rF++ rCorr
                  | Dex-2}
  3204 | D:3      | Noticed Robin
  3253 | D:3      | Killed Robin
  3498 | D:3      | Reached XP level 6. HP: 47/51 MP: 5/5
  3817 | D:3      | Reached *** piety under Trog
  3869 | D:3      | Found a hazy altar of Hepliaklqana.
  4226 | D:4      | Noticed a steam dragon
  4240 | D:4      | Killed a steam dragon
  4241 | D:4      | Reached XP level 7. HP: 39/57 MP: 6/6
  4248 | D:4      | Reached skill level 10 in Axes
  4678 | D:4      | Found a stormy altar of Qazlal.
  5248 | D:4      | Identified the +7 dagger "Wuboil" {flame, rCorr Stlth+}
  5593 | D:5      | Entered Level 5 of the Dungeon
  5595 | D:5      | Reached XP level 8. HP: 64/64 MP: 7/7
  5903 | D:5      | Found a staircase to the Ecumenical Temple.
  5915 | D:5      | Reached **** piety under Trog
  6825 | D:6      | Reached XP level 9. HP: 22/70 MP: 8/8
  7167 | D:6      | Reached skill level 15 in Axes
  7204 | D:6      | Found an opulent altar of Gozag.
  7466 | D:6      | Found a glowing golden altar of the Shining One.
  7526 | D:6      | Found a sparkling altar of Nemelex Xobeh.
  7704 | D:7      | Reached ***** piety under Trog
  7714 | D:7      | HP: 1/70 [gnoll/+0 halberd[a gnoll bouda] (8)]
  8395 | D:7      | Noticed Prince Ribbit
  8413 | D:7      | Killed Prince Ribbit
  8414 | D:7      | Reached XP level 10. HP: 51/77 MP: 9/9
  9247 | D:8      | Found Myenki Fana's Book Shop.
  9816 | D:8      | Noticed Joseph
  9835 | D:8      | Killed Joseph
 10050 | D:8      | Found a shadowy altar of Dithmenos.
 10447 | D:9      | Found a sacrificial altar of Ru.
 10544 | D:9      | Reached skill level 5 in Armour
 10657 | D:9      | Found a snail-covered altar of Cheibriados.
 11048 | D:9      | Found the +3 giant club "Skullcrusher" {speed, Str+7}
 11703 | D:10     | Entered Level 10 of the Dungeon
 11811 | D:10     | Found a staircase to the Lair.
 11883 | D:10     | Found a radiant altar of Vehumet.
 11932 | D:10     | Found Fomnol's Assorted Antiques.
 12438 | D:10     | Bought a potion of heal wounds for 160 gold pieces
 12438 | D:10     | Bought a scroll of identify for 64 gold pieces
 12517 | D:10     | Noticed a rust devil
 12527 | D:10     | Reached XP level 11. HP: 82/82 MP: 10/10
 12733 | D:10     | Identified the +1 robe of the Four Emperors {rF+}
 12966 | D:10     | Reached skill level 10 in Armour
 13196 | D:10     | Found a broken altar of Ashenzari.
 13196 | D:10     | Found a shimmering blue altar of Sif Muna.
 13204 | D:10     | Found a hide-covered altar of Uskayaw.
 13206 | D:10     | Found a burning altar of Makhleb.
 13208 | D:10     | Found a faded altar of an unknown god.
 13273 | Lair:1   | Entered Level 1 of the Lair of Beasts
 13811 | Lair:1   | Noticed a five-headed hydra
 13829 | Lair:1   | Killed a one-headed hydra
 13829 | Lair:1   | Received a gift from Trog
 13991 | Lair:1   | You fall into a shaft and drop 1 floor!
 14245 | Lair:2   | Found a staircase to the Snake Pit.
 14900 | Lair:2   | Found a staircase to the Shoals.
 15221 | Lair:2   | Noticed a five-headed hydra
 15242 | Lair:2   | Killed a one-headed hydra
 15943 | Lair:1   | Reached XP level 12. HP: 87/90 MP: 11/11
 15954 | Lair:1   | Reached skill level 15 in Armour
 16683 | Lair:3   | Noticed a six-headed hydra
 16700 | Lair:3   | Killed a one-headed hydra
 17505 | Lair:3   | Noticed a death yak
 17507 | Lair:3   | Noticed a death yak
 17518 | Lair:3   | Killed a death yak
 17522 | Lair:3   | Killed a death yak
 17935 | Lair:4   | Noticed a boulder beetle
 17969 | Lair:4   | Killed a boulder beetle
 18266 | Lair:4   | Found a frozen archway.
 18413 | Lair:4   | Reached skill level 5 in Fighting
 18879 | Lair:5   | Entered Level 5 of the Lair of Beasts
 19026 | Lair:5   | Noticed a six-headed hydra
 19044 | Lair:5   | HP: 3/144 [goliath frog (14)]
 19044 | Lair:5   | Splashed by a goliath frog's acid

Illustrated notes

Levels and vault maps discovered:
D:1:      eino_arrival_tree_alley, layout_basic
D:2:      layout_loops_cross, basic_altar, kennysheep_small_spiral, hex_medium,
          uniq_crazy_yiuf_cottage
D:3:      layout_loops_cross, nicolae_hepliaklqana_hippocampus, serial_shops,
          shop_statue, st_stairs_14, eino_tiny_chamber, uniq_robin, uniq_terence
D:4:      minmay_polygon_palace, layout_basic, nicolae_qazlal_scattered_showers,
          cheibrodos_gnoll_hut
D:5:      layout_layer_cave, minmay_temple_entry_ruins, grunt_ministairs_10,
          minmay_chambers_of_fives
D:6:      layout_cave_pods, tso_altar, nemelex_diamond_rough_becter,
          grunt_gozag_statues
D:7:      layout_cave_pools, uniq_prince_ribbit1
D:8:      layout_loops_ring, grunt_dithmenos_shadows, serial_shops,
          nicolae_square_shop, nicolae_figureground_sparkle, uniq_joseph
D:9:      minmay_weird_star, layout_loops_ring, nicolae_ru_path_of_blood,
          kennysheep_mini_moat
D:10:     layout_loops_ring, chequers_temple_overflow_minitemple,
          nicolae_vehumet_radiance, lair_entry_dummy, serial_shops,
          nicolae_shop_behind_doors
Lair:1:   layout_roguey, minivault_11
Lair:2:   layout_chaotic_city, minmay_shoals_entry_beasts,
          guppyfry_snake_entry_garden, infiniplex_staircase_pool,
          lemuel_fruit_tree
Lair:3:   layout_cave_pods
Lair:4:   layout_cave_pods, portal_ice_cave_entry_ice_simulacra,
          lemuel_fruit_fields
Lair:5:   minmay_lair_end_frog_pond, layout_regular_city, slime_entry_1,
          basic_altar, uniq_snorg

Skill      XL: |  1  2  3  4  5  6  7  8  9 10 11 12 |
---------------+-------------------------------------+-----
Axes           | 4 5 6 7 8 9 11 14 17 18 | 18.0
Armour         | 9 14 18 | 18.0
Fighting       | 6 |  6.3
Dodging        | |  2.1

Action                   |  1- 3 |  4- 6 |  7- 9 | 10-12 || total
-------------------------+-------+-------+-------+-------++-------
Melee: Hand axe          |    53 |       |       |       ||    53
       Headbutt          |    12 |     5 |    20 |   117 ||   154
       War axe           |    36 |     3 |       |   392 ||   431
       Executioner's axe |       |    54 |   184 |    44 ||   282
Invok: Berserk           |       |     1 |       |     5 ||     6
       Trog's Hand       |       |     1 |       |     5 ||     6
Evoke: Wand              |       |       |       |     1 ||     1
  Use: Scroll            |       |    12 |     6 |     8 ||    26
       Potion            |       |       |     1 |       ||     1
Armor: Animal skin       |    10 |       |       |       ||    10
       Chain mail        |    18 |     3 |       |       ||    21
       Scale mail        |     9 |    32 |    85 |    35 ||   161
       Plate armour      |       |       |       |   195 ||   195
Dodge: Dodged            |    60 |    42 |   170 |   188 ||   460
Block: Orb               |       |       |       |    41 ||    41
